 Dungeon Crawl Stone Soup version 0.30-a0-1114-gd936c97349 (webtiles) character file.

Game seed: 14504174500030373343

111 IdlyInterested the Trooper (level 4, -3/37 HPs)
             Began as a Demonspawn Gladiator on Apr 20, 2023.
             Slain by a lemure (6 damage)
             ... led by Pikel
             ... on level 4 of the Dungeon.
             The game lasted 00:06:12 (2524 turns).

IdlyInterested the Trooper (Demonspawn Gladiator)   Turns: 2524, Time: 00:06:13

Health: -3/37      AC:  9    Str: 22    XL:     4   Next: 62%
Magic:  4/4        EV: 11    Int:  9    God:
Gold:   146        SH:  0    Dex: 15    Spells: 3/3 levels left

rFire   . . .      SeeInvis .    a - +0 war axe
rCold   . . .      Faith    .    (no shield)
rNeg    . . .      Spirit   .    s - +0 scale mail
rPois   .          Reflect  .    m - +1 helmet
rElec   .          Rampage  .    u - +0 cloak
rCorr   .                        (no gloves)
Will    .....                    (no boots) Stlth
                                 (no amulet)
HPRegen 0.26/turn                r - +6 ring of strength
MPRegen 0.09/turn                (no ring)

@: no status effects
A: powered by death 2, demonic touch 1
a: no special abilities


You were on level 4 of the Dungeon.
You visited 1 branch of the dungeon, and saw 4 of its levels.

You collected 146 gold pieces.

Inventory:

Hand Weapons
 a - a +0 war axe (weapon)
Missiles
 b - 27 stones (quivered)
 d - 3 throwing nets
 e - a javelin
 f - 5 atropa-tipped darts
 y - 5 curare-tipped darts
Armour
 c - a +0 helmet
 l - a +0 ring mail
 m - a +1 helmet (worn)
 s - a +0 scale mail (worn)
 u - a +0 cloak (worn)
Jewellery
 r - a +6 ring of strength (left hand)
Scrolls
 h - 2 scrolls of magic mapping {unknown}
 i - a scroll of immolation {unknown}
 j - a scroll of poison {unknown}
 n - 2 scrolls of enchant armour {unknown}
 p - 3 scrolls of identify {unknown}
 q - a scroll of amnesia {unknown}
 v - a scroll of vulnerability {unknown}
 w - a scroll of enchant weapon {unknown}
 x - a scroll of torment {unknown}
Potions
 g - a potion of haste {unknown}
 k - a potion of curing {unknown}
 o - a potion of lignification {unknown}
 t - a potion of magic {unknown}


   Skills:
 * Level 3.6 Fighting
 - Level 2.6 Axes
 - Level 2.0 Throwing
 + Level 1.5 Armour
 - Level 3.0 Dodging
 - Level 1.0 Stealth
 - Level 1.0 Evocations


You had 3 spell levels left.
You didn't know any spells.
Your spell library contained the following spells:

 Spells                   Type           Power      Damage    Failure   Level
 Portal Projectile        Hex/Tloc       0%         N/A       97%         3
 Tukima's Dance           Hex            0%         N/A       97%         3
 Blade Hands              Tmut           0%         N/A       100%        5


Dungeon Overview and Level Annotations

Branches:
Dungeon (4/15)
 Temple: D:4-7

Altars:
Makhleb
Xom

Annotations:
D:4 Pikel


Innate Abilities, Weirdness & Mutations

You regenerate health from kills.
Your touch may inflict minor irresistible damage on your foes.


Message History

Found an escape hatch in the floor.
The lemure closely misses you.
You barely miss the lemure.
You touch the lemure!
The lemure is moderately wounded.
The lemure misses you. x2
You closely miss the lemure. Your touch misses the lemure.
The lemure is moderately wounded.
Pikel, Merchant of Souls comes into view.
He is wielding a +2 whip of flaming and carrying a wand of flame (12).
The lemure barely misses you.
Pikel shouts!
You hear a shout! x2
Pikel zaps a wand.
The puff of flame hits you! The lemure hits you but does no damage.
You barely miss Pikel. You hit the lemure but do no damage.
Pikel barely misses you.
A lemure comes into view.
The lemure hits you but does no damage.
You slash Pikel!
Pikel is moderately wounded.
You barely miss the lemure.
Pikel hits you with a +2 whip of flaming.
Pikel burns you. The lemure hits you but does no damage.
Pikel zaps a wand.
The puff of flame misses you. The lemure closely misses you.
You barely miss Pikel.
You touch Pikel.
Pikel is heavily wounded.
You hit the lemure. Pikel misses you. The lemure closely misses you.
A lemure comes into view.
You barely miss Pikel.
Pikel is heavily wounded.
You hit the lemure but do no damage.
Pikel hits you with a +2 whip of flaming.
Pikel burns you. The lemure hits you but does no damage.
Pikel hits you but does no damage. The lemure hits you.
You closely miss Pikel.
Pikel is moderately wounded.
You slash the lemure! You hit the lemure.
Pikel hits you with a +2 whip of flaming!
* * * LOW HITPOINT WARNING * * *
Pikel burns you.
* * * LOW HITPOINT WARNING * * *
The lemure hits you.
You die...

#.# #.# #.# ##.##
##...###########.#
##.....##.........#
#...:......<.#
#5K55..##.##.#
#.#@..###.# .# #
##.## #.# .# #.#
#.# .# #.# #.# .#
#># #.# .# #.# #.#
.. #.# .#


You could see Pikel and 3 lemures.

Vanquished Creatures
  3 adders (D:3)
  3 worms
  A dart slug (D:1)
  A ball python (D:2)
  8 endoplasms
  3 giant cockroaches
  7 goblins
  6 hobgoblins
  6 jackals (D:2)
  4 quokkas
  9 bats
  3 frilled lizards
  7 kobolds
  4 rats
65 creatures vanquished.

Notes
Turn   | Place    | Note
-------+----------+-------------------------------------------
     0 | D:1      | IdlyInterested the Demonspawn Gladiator began the quest for
                  | the Orb.
     0 | D:1      | Reached XP level 1. HP: 16/16 MP: 1/1
   146 | D:1      | Gained mutation: You regenerate a little health from kills.
                  | [demonic ancestry]
   146 | D:1      | Reached XP level 2. HP: 22/22 MP: 2/2
   319 | D:1      | Reached skill level 1 in Evocations
   414 | D:1      | Gained mutation: You regenerate health from kills. [demonic
                  | ancestry]
   414 | D:1      | Reached XP level 3. HP: 28/28 MP: 3/3
   533 | D:1      | Reached skill level 1 in Stealth
  1014 | D:2      | Found a faded altar of an unknown god.
  1110 | D:2      | Reached skill level 1 in Armour
  1304 | D:2      | Found a burning altar of Makhleb.
  1624 | D:3      | Gained mutation: Your touch may inflict minor irresistible
                  | damage on your foes. [demonic ancestry]
  1624 | D:3      | Reached XP level 4. HP: 9/35 MP: 4/4
  1857 | D:3      | Found a shimmering altar of Xom.
  2512 | D:4      | Noticed a lemure
  2517 | D:4      | Noticed Pikel
  2520 | D:4      | Noticed a lemure
  2522 | D:4      | Noticed a lemure
  2524 | D:4      | Slain by a lemure

Illustrated notes

Levels and vault maps discovered:
D:1:      lightli_arrival_maybe_door_vault, layout_loops_cross
D:2:      layout_loops_ring, basic_altar,
          shapermc_ecumenical_altar_mp_urbaneastern, st_stairs_7
D:3:      layout_basic, xom_teletrap_fun, grunt_decor_cap, serial_park_tiny_pond
D:4:      layout_loops_ring, nicolae_tso_carved_into_rock, uniq_pikel

Skill      XL: |  1  2  3 |
---------------+----------+-----
Throwing       | 2 |  2.0
Dodging        | 3 |  3.0
Evocations     | 1 |  1.0
Stealth        | 1 |  1.0
Armour         | 1 |  1.5
Fighting       | 3 |  3.6
Axes           | |  2.6

Action                     |  1- 3 |  4- 6 || total
---------------------------+-------+-------++-------
  Melee: War axe           |   137 |    46 ||   183
         Punch             |     2 |       ||     2
         Touch             |       |     5 ||     5
 Armour: Leather armour    |     7 |       ||     7
         Ring mail         |    66 |       ||    66
         Scale mail        |    18 |    26 ||    44
  Dodge: Dodged            |    89 |    45 ||   134

Table legend: (Time is in decaauts)
 A = Elapsed time spent in this place.
 B = Non-inter-level travel time spent in this place.
 C = Inter-level travel time spent in this place.
 D = Time resting spent in this place.
 E = Time spent auto-exploring this place.
 F = Levels seen in this place.
 G = Mean time per level.
                   A        B        C        D        E       F      G
               +--------+--------+--------+--------+--------+-----+--------+
         Total |   2593 |   2304 |    289 |    174 |   1468 |   4 |  648.2 |
       Dungeon |   2593 |   2304 |    289 |    174 |   1468 |   4 |  648.2 |
               +--------+--------+--------+--------+--------+-----+--------+

Top non-repeatable levels by time:
     D:3: 978 daAuts
     D:1: 865 daAuts
     D:2: 730 daAuts
     D:4: 18 daAuts
